 Dungeon Crawl Stone Soup version 0.19-a0-1922-g1e9a4c1 (webtiles) character file.

92652 severen the Blocker (level 16, 81/84 HPs)
             Began as a Vine Stalker Fighter on Oct 23, 2016.
             Was an Elder of Uskayaw.
             Quit the game on level 2 of the Spider Nest on Oct 25, 2016.
             The game lasted 02:51:28 (24084 turns).

severen the Blocker (Vine Stalker Fighter)         Turns: 24084, Time: 02:51:29

Health: 81/84      AC: 24    Str: 27    XL:     16   Next: 6%
Magic:  35/35      EV: 10    Int:  9    God:    Uskayaw [****..]
Gold:   1698       SH: 16    Dex: 18    Spells: 1 memorised, 25 levels left

rFire  + . .     SeeInvis .     J - +4 rapier (speed)
rCold  x . .     Gourm    .     B - +2 plate armour {rPois}
rNeg   + + +     Faith    .     c - +0 shield
rPois  +         Spirit   +     R - +2 hat {MR+}
rElec  .         Reflect  +     T - +0 cloak
rCorr  .         Harm     .     z - +2 pair of gloves
MR     +++..                    X - +0 pair of boots {Stlth+}
Stlth  ..........               S - +2 amulet of reflection
                                b - ring of magical power
                                G - ring of Fixation {rF+ rC- rN+++ Str+8 Dex-2}

@: no status effects
A: fangs 3, regeneration 2, magic shield, antimagic bite, no device heal 3, rot
immunity
a: Stomp, Line Pass, Renounce Religion


You were on level 2 of the Spider Nest.
You worshipped Uskayaw.
Uskayaw was aware of your devotion.
You were hungry.

You visited 4 branches of the dungeon, and saw 24 of its levels.

You collected 1698 gold pieces.

Inventory:

Hand Weapons
 a - a +0 long sword of flaming
 t - the +9 shortbow "Roxoh" {flame, rElec MR- Str+7}
   (You found it on level 1 of the Spider Nest)

   It causes projectiles fired from it to burn those they strike, causing extra
   injury to most foes and up to half again as much damage against particularly
   susceptible opponents.
   It affects your strength (+7).
   It insulates you from electricity.
   It affects your resistance to hostile enchantments.
 J - a +4 rapier of speed (weapon)
Missiles
 j - 5 tomahawks of returning
 q - 6 tomahawks (quivered)
 r - 6 javelins
Armour
 c - a +0 shield (worn)
 z - a +2 pair of gloves (worn)
 B - a +2 plate armour of poison resistance (worn)
 R - a +2 hat of magic resistance (worn)
 T - a +0 cloak (worn)
 X - a +0 pair of boots of stealth (worn)
Jewellery
 b - a ring of magical power (right hand)
 n - an uncursed ring of protection from magic
 x - an uncursed ring of protection from fire
 G - the ring of Fixation (left hand) {rF+ rC- rN+++ Str+8 Dex-2}
   (You found it on level 5 of the Dungeon)

   [ring of protection from fire]

   It affects your strength (+8).
   It affects your dexterity (-2).
   It protects you from fire.
   It makes you vulnerable to cold.
   It renders you almost immune to negative energy.
 H - an uncursed ring of protection from cold
 K - an uncursed amulet of magic regeneration
 L - an uncursed ring of resist corrosion
 S - a +2 amulet of reflection (around neck)
Wands
 h - a wand of teleportation (9/9)
 m - a wand of paralysis (15/24)
 v - a wand of teleportation (4/9)
Scrolls
 e - 10 scrolls of teleportation
 g - 8 scrolls of remove curse
 i - 6 scrolls of magic mapping
 l - a scroll of brand weapon
 o - a scroll of recharging
 p - 13 scrolls of identify
 w - a scroll of blinking
 E - 5 scrolls of fog
Potions
 d - 5 potions of might
 u - a potion of invisibility
 M - 4 potions of curing
 O - 3 potions of cancellation
 P - 4 potions of flight
 U - a potion of haste
 V - a potion of berserk rage
Books
 s - a book of Beasts

   Spells                             Type                      Level
   a - Summon Butterflies             Summoning                    1
   b - Call Canine Familiar           Summoning                    3
   c - Summon Ice Beast               Ice/Summoning                4
   d - Summon Mana Viper              Hexes/Summoning              5
   e - Summon Hydra                   Summoning                    7
Comestibles
 f - 14 bread rations
 k - 12 meat rations


   Skills:
 + Level 9.1 Fighting
 + Level 9.5(11.3) Short Blades
 + Level 10.1(11.6) Long Blades
 * Level 5.3 Throwing
 + Level 8.9 Armour
 * Level 4.8 Dodging
 - Level 5.6 Stealth
 + Level 11.5 Shields
 + Level 6.0 Spellcasting
 - Level 5.3 Translocations
 * Level 10.6 Invocations


You had 25 spell levels left.
You knew the following spells:

 Your Spells              Type           Power        Failure   Level  Hunger
a - Blink                 Tloc           N/A          67%         2    ##.....


Dungeon Overview and Level Annotations

Branches:
Dungeon (15/15)            Temple (1/1) D:4            Lair (6/6) D:8
  Swamp (0/4) Lair:4       Spider (2/4) Lair:4        Slime (0/5) Lair:6
    Orc (0/2) D:10         Vaults (0/5) D:14         Depths (0/5) D:15

Altars:
Ashenzari
Cheibriados
Dithmenos
Elyvilon
Fedhas
Gozag
Hepliaklqana
Kikubaaqudgha
Makhleb
Nemelex Xobeh
Okawaru
Qazlal
Ru
Sif Muna
Trog
Uskayaw
Vehumet
Xom
Yredelemnul
Zin
The Shining One

Shops:
D:4 *   D:8 =

Annotations:
D:5 Grinder
Lair:1 exclusion: oklob plant
Lair:4 exclusion: oklob plant


Innate Abilities, Weirdness & Mutations

You have razor-sharp teeth.
You heal very quickly.
When hurt, damage is shared between your health and your magic reserves.
Your bite disrupts and absorbs the magic of your enemies.
Potions and wands cannot restore your health.
You are immune to rotting.


Message History

The orb spider pulsates with a strange energy.
There is a web, spattered with blood here.
You disentangle yourself.
The redback is no longer paralysed.
You block the redback's attack.
The redback bites you but does no damage.
You puncture the redback! You bite the redback, but do no damage.
The redback is almost dead.
You block the redback's attack.
You puncture the redback!
You kill the redback!
Saving game... please wait.
Welcome back, severen the Vine Stalker Fighter.
Press ? for a list of commands and other information.
Saving game... please wait.
Welcome back, severen the Vine Stalker Fighter.
Press ? for a list of commands and other information.
Saving game... please wait.
Welcome back, severen the Vine Stalker Fighter.
Press ? for a list of commands and other information.
Are you sure you want to abandon this character and quit the game? (Confirm with "yes".)

.....≈≈s##..≈≈.≈
...#.≈≈s.ss≈≈≈.#
...≈.≈≈≈≈ss≈≈≈≈#.
##....#≈≈≈≈≈≈≈....
##..........≈≈.≈...
#....≈.............
##........##........
#.........@^....≈...
#
#^.........††.......
#.
#.......>##^..#....
#.#^.......######
... #.........## .
.##..#.### ##. ##
##..##### ##..##.
#......# .......
#......#


There were no monsters in sight!

Vanquished Creatures
  Gastronok (D:9)
  An emperor scorpion (D:15)
  Nessos (D:13)
  8 vault guards (D:14)
  10 hydras
  6 centaur warriors
  A death knight (D:15)
  9 skeletal warriors
  An unseen horror (D:10)
  A deep troll (shapeshifter) (D:15)
  A lindwurm (Lair:4)
  3 hill giants
  Pikel (D:8)
  7 ugly things
  5 orb spiders (Spider:1)
  4 wolf spiders (Spider:1)
  2 deep elf magi
  2 manticores
  Maurice (D:8)
  8 elephants
  3 black mambas
  2 gargoyles
  A torpor snail (Lair:3)
  An eye of devastation (Lair:6)
  Psyche (D:8)
  8 spiny frogs
  A freezing wraith (D:15)
  3 rime drakes
  A yaktaur (D:15)
  8 komodo dragons
  5 demonic crawlers (Spider:1)
  14 jumping spiders
  7 polar bears
  6 trolls
  3 two-headed ogres
  6 hornets
  A harpy skeleton (D:15)
  12 blink frogs
  2 slime creatures (D:15)
  12 hippogriffs
  Sigmund (D:5)
  6 tarantellas
  A centaur simulacrum (D:15)
  12 spriggans (Lair:6)
  2 wraiths
  43 yaks
  20 redbacks
  2 water elementals (D:15)
  3 basilisks
  A wyvern (Lair:6)
  3 hungry ghosts
  8 vampire mosquitoes
  A mottled dragon (D:13)
  3 soldier ants
  Duvessa (D:5)
  7 porcupines
  6 water moccasins
  6 orc warriors
  3 eyes of draining
  A slave (D:8)
  5 phantoms
  6 sky beasts
  4 black bears
  8 ice beasts
  9 ogres
  3 boggarts (Lair:6)
  A necrophage (D:6)
  15 wolves (Lair:6)
  11 centaurs
  11 crocodiles
  5 big kobolds
  16 bullfrogs
  3 gnoll sergeants (D:10)
  2 scorpions
  Dowan (D:5)
  5 wights (D:10)
  12 killer bees
  4 electric eels
  6 howler monkeys
  11 crimson imps
  7 centaur zombies
  5 bullfrog zombies
  A hound (D:7)
  3 jellies
  A quasit (D:9)
  10 orc priests
  3 bullfrog skeletons
  Crazy Yiuf (D:5)
  5 centaur skeletons
  Jessica (D:2)
  3 iguanas
  16 orc wizards
  17 worker ants
  2 hound skeletons
  3 worker ant zombies
  17 gnolls
  13 adders
  4 shadow imps
  3 adder zombies (D:4)
  An ooze (D:4)
  An adder skeleton (D:5)
  5 worms
  6 dart slugs
  5 leopard geckos
  49 orcs
  11 giant cockroaches
  9 goblins
  10 hobgoblins
  13 jackals
  3 quokkas
  A ball python (D:7)
  10 bats
  2 frilled lizards
  2 giant cockroach zombies
  A jackal skeleton (D:8)
  16 kobolds
  2 leopard gecko zombies (D:4)
  A quokka skeleton (D:6)
  A quokka zombie (D:4)
  9 rats
711 creatures vanquished.

Vanquished Creatures (others)
  3 centaurs
  4 fungi (Lair:6)
7 creatures vanquished.

Grand Total: 718 creatures vanquished

Notes
Turn   | Place    | Note
-------+----------+-------------------------------------------
     0 | D:1      | severen the Vine Stalker Fighter began the quest for the Orb.
     0 | D:1      | Reached XP level 1. HP: 11/11 MP: 2/2
   194 | D:1      | Reached XP level 2. HP: 14/16 MP: 2/4
   537 | D:1      | Reached skill level 1 in Spellcasting
   550 | D:1      | Reached skill level 3 in Shields
   550 | D:1      | Reached XP level 3. HP: 15/19 MP: 5/5
  1264 | D:2      | Gained mutation: Your natural rate of healing is unusually fast. [Vine Stalker growth]
  1264 | D:2      | Reached XP level 4. HP: 23/24 MP: 6/6
  1372 | D:2      | Found a shimmering altar of Xom.
  1373 | D:2      | Found a shimmering altar of Xom.
  1375 | D:2      | Found a shimmering altar of Xom.
  1383 | D:2      | Found a shimmering altar of Xom.
  1384 | D:2      | Found a shimmering altar of Xom.
  1518 | D:2      | Found a sparkling altar of Nemelex Xobeh.
  1581 | D:2      | Found a shimmering altar of Xom.
  1581 | D:2      | Found a shimmering altar of Xom.
  1635 | D:2      | Noticed Jessica
  1640 | D:2      | Killed Jessica
  1927 | D:3      | Reached XP level 5. HP: 27/28 MP: 8/8
  2372 | D:3      | Found a glowing golden altar of the Shining One.
  2458 | D:3      | Found an ancient bone altar of Kikubaaqudgha.
  2741 | D:3      | Noticed a moth of wrath
  2744 | D:3      | Found a bloodstained altar of Trog.
  2870 | D:4      | Reached XP level 6. HP: 25/32 MP: 6/10
  3000 | D:4      | Found a staircase to the Ecumenical Temple.
  3010 | Temple   | Entered the Ecumenical Temple
  3308 | D:4      | Found a white marble altar of Elyvilon.
  3325 | D:4      | Found Gunenoat's Assorted Antiques.
  3404 | D:4      | Found a sacrificial altar of Ru.
  3473 | D:4      | Reached skill level 4 in Shields
  3580 | D:4      | Reached XP level 7. HP: 36/36 MP: 11/11
  4008 | D:5      | Entered Level 5 of the Dungeon
  4012 | D:5      | Got a bound lead ring
  4014 | D:5      | Identified the ring of Fixation {rF+ rC- rN+++ Str+8 Dex-2} (You found it on level 5 of the Dungeon)
  4213 | D:5      | Identified the Grimoire of Excruciating Good Luck
  4219 | D:5      | Found a deep blue altar of Sif Muna.
  4240 | D:5      | Noticed Sigmund
  4320 | D:5      | Killed Sigmund
  4354 | D:5      | Noticed Duvessa
  4401 | D:5      | Noticed Dowan
  4534 | D:5      | Reached skill level 1 in Dodging
  4534 | D:5      | Gained mutation: You have razor-sharp teeth. [Vine Stalker growth]
  4534 | D:5      | Reached XP level 8. HP: 41/42 MP: 12/14
  4565 | D:5      | Noticed Grinder
  4590 | D:5      | Found a runed door.
  4594 | D:5      | Noticed Crazy Yiuf
  4786 | D:5      | Reached skill level 5 in Long Blades
  5143 | D:6      | Found a radiant altar of Vehumet.
  5227 | D:6      | Reached skill level 5 in Shields
  5256 | D:6      | Reached XP level 9. HP: 45/45 MP: 17/17
  5269 | D:6      | Reached skill level 5 in Spellcasting
  5611 | D:6      | Found an iron altar of Okawaru.
  5614 | D:6      | Found an opulent altar of Gozag.
  6314 | D:7      | Reached skill level 5 in Armour
  6364 | D:7      | Reached skill level 5 in Fighting
  6402 | D:7      | Reached XP level 10. HP: 51/51 MP: 20/20
  6584 | D:7      | Reached skill level 6 in Shields
  6972 | D:5      | Killed Dowan
  6979 | D:5      | Killed Duvessa
  7238 | D:5      | Killed Crazy Yiuf
  7490 | D:7      | HP: 1/51 [komodo dragon (11)]
  7723 | D:8      | Noticed Maurice
  7962 | D:8      | Found Qoalugopn's Jewellery Shop.
  8055 | D:8      | Found a glowing silver altar of Zin.
  8126 | D:8      | Noticed Psyche
  8134 | D:8      | Killed Psyche
  8141 | D:8      | Noticed a hand axe
  8142 | D:8      | Noticed a dagger
  8145 | D:8      | Found a hide-covered altar of Uskayaw.
  8160 | D:8      | Became a worshipper of Uskayaw the Reveler
  8164 | D:8      | Reached * piety under Uskayaw
  8188 | D:8      | Reached ** piety under Uskayaw
  8205 | D:8      | Reached *** piety under Uskayaw
  8207 | D:8      | Killed Maurice
  8207 | D:8      | Reached skill level 1 in Stealth
  8207 | D:8      | Reached skill level 7 in Shields
  8270 | D:8      | Found a staircase to the Lair.
  8297 | Lair:1   | Entered Level 1 of the Lair of Beasts
  8427 | D:8      | Noticed Pikel
  8444 | D:8      | Killed Pikel
  8444 | D:8      | Reached skill level 1 in Invocations
  8498 | D:9      | Reached XP level 11. HP: 56/56 MP: 21/21
  8954 | D:9      | Noticed Gastronok
  8979 | D:9      | Killed Gastronok
  9027 | D:9      | Noticed a hill giant
  9071 | D:10     | Entered Level 10 of the Dungeon
  9277 | D:10     | Reached **** piety under Uskayaw
  9426 | D:10     | Reached skill level 1 in Short Blades
  9445 | D:10     | Reached ***** piety under Uskayaw
  9483 | D:10     | Found a staircase to the Orcish Mines.
  9486 | D:10     | Reached skill level 8 in Shields
  9956 | D:10     | Killed an unseen horror
 10025 | D:10     | Noticed a seven-headed hydra
 10039 | D:10     | Killed a seven-headed hydra
 10039 | D:10     | Gained mutation: You heal very quickly. [Vine Stalker growth]
 10039 | D:10     | Reached XP level 12. HP: 43/62 MP: 22/22
 10608 | D:10     | Reached skill level 10 in Long Blades
 10834 | D:10     | Reached skill level 5 in Invocations
 11334 | D:11     | Found a frozen archway.
 11691 | D:12     | Got a faintly glowing dagger
 11692 | D:12     | Identified the +1 dagger of Gillaw {pierce, rPois Dex+6} (You found it on level 12 of the Dungeon)
 11767 | D:12     | Reached skill level 9 in Shields
 12396 | D:12     | Reached skill level 1 in Throwing
 13039 | D:13     | Noticed a centaur warrior
 13057 | D:13     | Killed a centaur warrior
 13057 | D:13     | Reached XP level 13. HP: 66/67 MP: 23/23
 13088 | D:13     | Noticed Nessos
 13116 | D:13     | Killed Nessos
 13343 | D:13     | Reached skill level 5 in Stealth
 13635 | D:13     | Reached skill level 5 in Short Blades
 14078 | D:14     | Reached skill level 10 in Shields
 14095 | D:14     | Got a brightly glowing morningstar
 14096 | D:14     | Identified the +11 morningstar of Tiasowot {freeze, Str+3} (You found it on level 14 of the Dungeon)
 14326 | D:14     | Noticed a vault guard
 14326 | D:14     | Noticed a vault guard
 14327 | D:14     | Noticed a vault guard
 14987 | Lair:1   | Found a blossoming altar of Fedhas.
 17417 | Lair:4   | Found a staircase to the Swamp.
 17491 | Lair:4   | Found a hole to the Spider Nest.
 17569 | Lair:4   | Reached XP level 14. HP: 66/72 MP: 24/24
 18365 | Lair:5   | Identified a scroll of acquirement
 19401 | Lair:6   | Entered Level 6 of the Lair of Beasts
 19436 | Lair:6   | Reached ****** piety under Uskayaw
 19485 | Lair:6   | Learned a level 2 spell: Blink
 19695 | Lair:6   | Reached skill level 1 in Translocations
 20128 | Lair:6   | Found a staircase to the Slime Pits.
 20408 | Lair:6   | Reached XP level 15. HP: 78/78 MP: 25/25
 21259 | D:14     | Found a gate to the Vaults.
 21308 | D:14     | Reached skill level 11 in Shields
 21502 | D:14     | Reached skill level 10 in Invocations
 21717 | D:15     | Entered Level 15 of the Dungeon
 21941 | D:15     | Noticed an emperor scorpion
 21991 | D:15     | Killed an emperor scorpion
 22003 | D:15     | Found a staircase to the Depths.
 23207 | Spider:1 | Entered Level 1 of the Spider Nest
 23366 | Spider:1 | Reached skill level 5 in Translocations
 23461 | Spider:1 | Reached skill level 5 in Throwing
 23507 | Spider:1 | Got a polished shortbow
 23513 | Spider:1 | Identified the +9 shortbow "Roxoh" {flame, rElec MR- Str+7} (You found it on level 1 of the Spider Nest)
 23642 | Spider:1 | Reached XP level 16. HP: 84/84 MP: 26/26
 24084 | Spider:2 | Upgraded the game from 0.19-a0-1920-g83281cb to 0.19-a0-1922-g1e9a4c1
 24084 | Spider:2 | Quit the game

Vault maps used:
D:1:      dpeg_arrival_leaves_temple_mockup, serial_glass, glass_columns_a,
          glass_columns_c, glass_columns_a, glass_columns_a, glass_columns_a,
          glass_columns_c, glass_columns_b, glass_columns_a, glass_columns_a,
          glass_columns_a, glass_columns_b, glass_columns_a, glass_columns_c,
          glass_columns_c
D:2:      marbit_many_paths, xom_redecorated, uniq_jessica
D:3:      lemuel_coloured_pillars_altar, kiku_gazebo_pond_becter, first_bread,
          mrwooster_statue_mirror, tgw_trog
D:4:      lemuel_round_altar, lemuel_doored_altar, serial_undead,
          serial_undead_d, serial_undead_d, serial_undead_f, serial_undead_f,
          serial_shops, shop
D:5:      kennysheep_little_box, hangedman_minor_gate_pass, uniq_sigmund,
          uniq_grinder, uniq_duvessa, uniq_crazy_yiuf_cottage
D:6:      minitemple, old_standard_altar, minmay_misc_feat_doors,
          nrook_mini_vaults, grunt_ministairs_14
D:7:      grunt_ogre_cave, kennysheep_generic_room_4
D:8:      zin_statuary, dancing_weapons_uskayaw, dpeg_lair_monsters,
          serial_shops, shop_statue, uniq_psyche, uniq_pikel, uniq_maurice
D:9:      uniq_gastronok
D:10:     kennysheep_orc_monster_closet_entryway
D:11:     portal_ice_cave_rime
D:13:     serial_bayou_ford_a, uniq_nessos
D:14:     erik_vaults_2
D:15:     hangedman_depths_entry_try_elsewhere_first, chequers_big_river
Temple:   compressed_dpeg_triangle_lava_temple
Lair:1:   st_stairs_6, tgw_fedhas, serial_bayou_shore_a
Lair:2:   infiniplex_staircase_pool
Lair:3:   grunt_megastairs_4
Lair:4:   swamp_mist_pool, nicolae_spider_entry_non_spiders
Lair:5:   gammafunk_lair_bear_cave
Lair:6:   minmay_lair_end_enchanted_forest, minmay_slime_entry_eyes
Spider:2: nicolae_orb_island, uniq_roxanne

Skill      XL: |  1  2  3  4  5  6  7  8  9 10 11 12 13 14 15 |
---------------+----------------------------------------------+-----
Long Blades    | 2 3 4 6 7 9 10 | 10.1
Spellcasting   | 1 2 3 4 6 |  6.0
Shields        | 3 4 5 7 8 9 10 11 | 11.5
Fighting       | 3 4 5 6 7 8 9 |  9.1
Armour         | 3 4 5 6 7 8 |  8.9
Dodging        | 1 3 4 |  4.8
Stealth        | 1 3 4 5 |  5.6
Invocations    | 1 4 6 8 9 10 | 10.6
Short Blades   | 1 3 6 8 9 |  9.5
Throwing       | 1 3 5 |  5.3
Translocations | 3 5 |  5.3

Action                   |  1- 3 |  4- 6 |  7- 9 | 10-12 | 13-15 | 16-18 || total
-------------------------+-------+-------+-------+-------+-------+-------++-------
Melee: Long sword        |   116 |   199 |   336 |   485 |    23 |       ||  1159
       Bite              |    23 |    65 |   141 |   455 |   747 |    12 ||  1443
       Dagger            |       |       |       |   259 |       |       ||   259
       Short sword       |       |       |       |   184 |   561 |       ||   745
       Rapier            |       |       |       |       |   929 |    28 ||   957
Throw: Stone             |       |       |       |     4 |       |       ||     4
       Tomahawk          |       |       |       |    11 |    10 |    11 ||    32
Invok: Stomp             |       |       |       |    23 |       |       ||    23
       Line Pass         |       |       |       |    15 |    26 |       ||    41
       Grand Finale      |       |       |       |     1 |     2 |       ||     3
Evoke: Wand              |       |       |       |     1 |       |       ||     1
  Use: Scroll            |     1 |       |     3 |    13 |    15 |       ||    32
       Potion            |       |       |       |     3 |       |       ||     3
 Stab: Paralysed         |       |       |       |    22 |    77 |     6 ||   105
       Confused          |       |       |       |     3 |    12 |       ||    15
  Eat: Chunk             |     1 |     8 |    10 |    33 |    35 |     1 ||    88
       Beef jerky        |       |       |       |     2 |       |       ||     2
       Pizza             |       |       |       |     1 |     1 |       ||     2
       Fruit             |       |       |       |       |     2 |       ||     2
       Meat ration       |       |       |       |       |     2 |       ||     2
Armor: Scale mail        |    25 |       |       |       |       |       ||    25
       Chain mail        |    12 |   104 |    67 |       |       |       ||   183
       Plate armour      |       |       |    96 |   341 |   448 |    15 ||   900
Dodge: Dodged            |    34 |    39 |    69 |   153 |   243 |    13 ||   551
Block: Shield            |    55 |   109 |   185 |   532 |   671 |    21 ||  1573
       Reflection        |       |       |       |    14 |    22 |       ||    36
       Rpst.: Long sword |     7 |     8 |    24 |    22 |     1 |       ||    62
